 Dungeon Crawl Stone Soup version 0.26.0-16-gc1dbca0489 (webtiles) character file.

Game seed: 17933311614564327587

1530 Eitelfritz the Slasher (level 8, -1/69 HPs)
             Began as a Hill Orc Fighter on Jan 17, 2021.
             Slain by a killer bee (5 damage)
             ... on level 6 of the Dungeon.
             The game lasted 00:14:27 (7388 turns).

Eitelfritz the Slasher (Hill Orc Fighter)           Turns: 7388, Time: 00:14:28

Health: -1/69      AC:  7    Str: 21    XL:     8   Next: 85%
Magic:  8/8        EV:  9    Int: 14    God:
Gold:   197        SH: 16    Dex: 10    Spells: 7/7 levels left

rFire    . . .     SeeInvis .   a - +1 long sword
rCold    . . .     Faith    .   c - +1 kite shield
rNeg     . . .     Spirit   .   b - +0 scale mail
rPois    .         Reflect  +   (no helmet)
rElec    .         Harm     .   (no cloak)
rCorr    .         Rampage  .   (no gloves)
Will     .....     Rnd*Tele +   (no boots)
Stlth    ..........             r - amulet of reflection
HPRegen  0.21/turn              q - +6 ring of intelligence
MPRegen  0.11/turn              y - ring of teleportation (curse)

@: no status effects
A: no striking features
a: no special abilities


You were on level 6 of the Dungeon.
You visited 1 branch of the dungeon, and saw 6 of its levels.
You also visited: Sewer.

You collected 358 gold pieces.
You spent 161 gold pieces at shops.

Inventory:

Hand Weapons
 a - a +1 long sword (weapon)
Missiles
 p - 141 stones (quivered)
 s - 8 poisoned darts
Armour
 b - a +0 scale mail (worn)
 c - a +1 kite shield (worn)
 d - the +3 ring mail of the Baker {Will+ rCorr, unknown}
   (You found it on level 5 of the Dungeon)

   It affects your willpower, your defense against some magical effects.
   It provides partial protection from all sources of acid and corrosion.
Jewellery
 l - an uncursed amulet of faith
 q - a +6 ring of intelligence (left hand)
 r - an amulet of reflection (around neck)
 y - a cursed ring of teleportation (right hand)
Wands
 m - a wand of random effects (41)
Scrolls
 e - a scroll of fear
 i - 3 scrolls of fog
 u - a scroll of blinking
 v - a scroll of identify
Potions
 f - 2 potions of curing
 g - 4 potions of haste
 h - a potion of cancellation
 j - 3 potions of brilliance
 k - a potion of heal wounds
 n - a potion of ambrosia {unknown}
 o - a potion of mutation {unknown}
 t - 2 potions of flight
 x - a potion of might


   Skills:
 + Level 5.5 Fighting
 + Level 7.0 Long Blades
 + Level 6.4 Armour
 + Level 2.4 Dodging
 + Level 0.6 Stealth
 + Level 6.6 Shields


You had 7 spell levels left.
You didn't know any spells.
Your spell library contained the following spells:

 Spells                   Type           Power        Failure   Level
 Animate Skeleton         Necr           0%           91%         1
 Apportation              Tloc           0%           91%         1
 Corona                   Hex            0%           91%         1
 Summon Small Mammal      Summ           0%           91%         1
 Call Imp                 Summ           0%           97%         2
 Ensorcelled Hibernation  Hex/Ice        0%           97%         2
 Call Canine Familiar     Summ           0%           99%         3
 Confusing Touch          Hex            0%           99%         3
 Dazzling Flash           Conj/Hex       0%           99%         3
 Summon Guardian Golem    Hex/Summ       0%           99%         3
 Tukima's Dance           Hex            0%           99%         3
 Summon Ice Beast         Ice/Summ       0%           100%        4
 Summon Lightning Spire   Summ/Air       0%           100%        4


Dungeon Overview and Level Annotations

Branches:
Dungeon (6/15)              Sewer (visited)
 Temple: D:4-7

Altars:
Okawaru
Qazlal
Sif Muna
Vehumet
Xom
The Shining One

Shops:
D:4 =*

Annotations:
D:4 Prince Ribbit


Message History

The killer bee barely misses you. You block the killer bee's attack.
The killer bee stings you.
* * * LOW HITPOINT WARNING * * *
You closely miss the killer bee.
The killer bee is moderately wounded.
The killer bee stings you.
* * * LOW HITPOINT WARNING * * *
The killer bee barely misses you.
You riposte.
You miss the killer bee.
The killer bee is moderately wounded.
You slash the killer bee!
The killer bee is almost dead.
You block the killer bee's attack. The killer bee closely misses you.
You hit the killer bee.
You kill the killer bee!
You block the killer bee's attack.
Your Long Blades skill increases to level 7!
You miss the killer bee. The killer bee stings you.
* * * LOW HITPOINT WARNING * * *
The killer bee stings you.
You die...

#..# ...## ... ...
#.# #y# #y# # #y#
#.#@# ## #.#.####.#.
. .. #..........
....#.#######.####.#.
....>........>#
....########### .


You could see 3 killer bees.

Vanquished Creatures
  Sigmund (D:2)
  2 phantoms
  A black bear (D:6)
  2 bullfrogs (Sewer)
  A scorpion (D:4)
  2 killer bees (D:6)
  A howler monkey (D:4)
  4 crimson imps (D:5)
  2 jellies
  An orc priest (D:5)
  2 hounds
  2 orc wizards
  3 iguanas
  Jessica (D:3)
  Natasha (twice) (D:2)
  2 worker ants
  7 adders
  A river rat (D:5)
  10 oozes (Sewer)
  An adder skeleton (D:5)
  A worm (D:2)
  2 dart slugs
  12 leopard geckos
  8 orcs
  15 ball pythons
  14 giant cockroaches
  3 goblins
  3 hobgoblins
  3 jackals (D:2)
  12 kobolds
  5 bats
  16 frilled lizards
  5 rats
147 creatures vanquished.

Notes
Turn   | Place    | Note
-------+----------+-------------------------------------------
     0 | D:1      | Eitelfritz the Hill Orc Fighter began the quest for the
                  | Orb.
     0 | D:1      | Reached XP level 1. HP: 19/19 MP: 1/1
   317 | D:1      | Reached XP level 2. HP: 25/27 MP: 2/2
   787 | D:2      | Found a stormy altar of Qazlal.
   792 | D:2      | Found a transporter.
   802 | D:2      | Found a transporter.
   826 | D:2      | Noticed Sigmund
  1368 | D:3      | Reached XP level 3. HP: 11/33 MP: 3/3
  1858 | D:3      | Noticed Jessica
  1865 | D:3      | Killed Jessica
  1866 | D:3      | Reached skill level 3 in Long Blades
  1866 | D:3      | Reached XP level 4. HP: 29/40 MP: 4/4
  2192 | D:3      | Reached XP level 5. HP: 38/46 MP: 5/5
  2258 | D:3      | Found a shimmering blue altar of Sif Muna.
  2258 | D:3      | Found an iron altar of Okawaru.
  2494 | D:2      | Noticed Natasha
  2514 | D:2      | Killed Natasha
  2772 | D:2      | Reached skill level 1 in Dodging
  3464 | D:2      | Killed Sigmund
  3465 | D:2      | Reached skill level 4 in Long Blades
  3465 | D:2      | Reached XP level 6. HP: 14/53 MP: 6/6
  3860 | D:2      | Noticed Natasha
  3875 | D:2      | Killed Natasha
  4493 | D:4      | Reached skill level 5 in Armour
  4554 | D:4      | Reached XP level 7. HP: 51/60 MP: 7/7
  4829 | D:4      | Found Giwean's General Store.
  4862 | D:4      | Reached skill level 5 in Shields
  4903 | D:4      | Found Hahelaq's Jewellery Shop.
  4906 | D:4      | Bought a cursed amulet of inaccuracy for 26 gold pieces
  4906 | D:4      | Bought a cursed ring of attention for 58 gold pieces
  4920 | D:4      | Found a radiant altar of Vehumet.
  4990 | D:4      | Found a glowing golden altar of the Shining One.
  5151 | D:4      | Bought a potion of heal wounds for 55 gold pieces
  5151 | D:4      | Bought a scroll of identify for 22 gold pieces
  5227 | D:5      | Entered Level 5 of the Dungeon
  5239 | D:5      | Found a glowing drain.
  5239 | D:5      | Noticed Prince Ribbit
  5270 | Sewer    | Entered a sewer
  5684 | Sewer    | Reached skill level 5 in Long Blades
  6099 | D:5      | Reached XP level 8. HP: 55/67 MP: 8/8
  6125 | D:5      | Reached skill level 5 in Fighting
  6125 | D:5      | Reached skill level 6 in Long Blades
  6453 | D:5      | Found a shimmering altar of Xom.
  6496 | D:5      | Got a twisted ring mail
  7388 | D:6      | Reached skill level 7 in Long Blades
  7388 | D:6      | Slain by a killer bee

Illustrated notes

Levels and vault maps discovered:
D:1:      erik_arrival_triangle_large, layout_basic, minmay_misc_feat_ornament,
          chequers_mini_garden
D:2:      layout_basic, gammafunk_temple_overflow_arena, minmay_strange_pillars,
          uniq_sigmund, uniq_natasha
D:3:      layout_basic, amethyst_overflow_temple_binary, uniq_jessica
D:4:      layout_loops_cross, kennysheep_mini_moat, vehumet_crystals,
          serial_shops, nicolae_shop_trees, kennysheep_windowed_goal
D:5:      layout_basic, cheibrodos_sewer_entry_sluice, serial_glass,
          glass_columns_a, glass_columns_a, led_xom_imps, uniq_prince_ribbit1
D:6:      layout_loops_ring, nicolae_tso_swordbearing_angel, uniq_pikel,
          uniq_crazy_yiuf_cottage

Skill      XL: |  1  2  3  4  5  6  7  8 |
---------------+-------------------------+-----
Fighting       | 4 5 |  5.5
Long Blades    | 3 4 5 7 |  7.0
Armour         | 4 5 6 |  6.4
Shields        | 4 5 6 |  6.6
Dodging        | 1 2 |  2.4
Stealth        | |  0.6

Action                   |  1- 3 |  4- 6 |  7- 9 || total
-------------------------+-------+-------+-------++-------
Melee: Long sword        |   131 |   147 |   357 ||   635
Throw: Stone             |       |     1 |       ||     1
  Use: Scroll            |       |     7 |     7 ||    14
       Potion            |       |     1 |     2 ||     3
Armor: Scale mail        |    62 |    43 |   135 ||   240
Dodge: Dodged            |    63 |    57 |   118 ||   238
Block: Kite shield       |    87 |    67 |   257 ||   411
       Rpst.: Long sword |    16 |    22 |    25 ||    63
